 Dungeon Crawl Stone Soup version 0.29.1-12-g30fa7ad0bf (webtiles) character file.

Game seed: 12837130698893187015

866 GeoRichter the Cudgeller (level 7, 0/54 HPs)
             Began as a Demonspawn Monk on Dec 21, 2022.
             Was a Believer of Cheibriados.
             Slain by Duvessa
             ... wielding a +2 short sword of venom
              (6 damage)
             ... on level 5 of the Dungeon.
             The game lasted 00:09:53 (5515 turns).

GeoRichter the Cudgeller (Demonspawn Monk)          Turns: 5515, Time: 00:09:54

Health: 0/54       AC: 16    Str: 19    XL:     7   Next: 72%
Magic:  8/10       EV: 11    Int: 17    God:    Cheibriados [**....]
Gold:   96         SH:  0    Dex: 22    Spells: 6/6 levels left

rFire   . . .      SeeInvis .   x - +2 whip (vamp) {!w}
rCold   . . .      Faith    .   (no shield)
rNeg    . . .      Spirit   .   w - +1 scale mail
rPois   .          Reflect  .   (no helmet)
rElec   .          Harm     .   z - +2 cloak {Stlth+}
rCorr   .          Rampage  .   (no gloves)
Will    .....                   (no boots)
Stlth   +++.......              d - amulet of the acrobat
HPRegen 0.18/turn               i - ring of willpower
MPRegen 0.12/turn               (no ring)

@: lethally poisoned (0 -> -11), weak-willed, sanguine armoured, very slow
A: hooves 1, powered by death 1, sanguine armour 1
a: Renounce Religion, Bend Time


You were on level 5 of the Dungeon.
You worshipped Cheibriados.
Cheibriados was pleased with you.
You visited 2 branches of the dungeon, and saw 6 of its levels.

You collected 306 gold pieces.
You spent 210 gold pieces at shops.

Inventory:

Hand Weapons
 h - a +2 dagger of venom
   (You took it off a goblin on level 1 of the Dungeon)
 x - a +2 vampiric whip (weapon) {!w}
   (You found it on level 4 of the Dungeon)
 y - a +0 flail
   (You took it off a gnoll on level 5 of the Dungeon)
Armour
 w - a +1 scale mail (worn)
   (You found it on level 4 of the Dungeon)
 z - a +2 cloak of stealth (worn)
   (You bought it in a shop on level 5 of the Dungeon)
Jewellery
 d - an amulet of the acrobat (around neck)
   (You found it on level 1 of the Dungeon)
 i - a ring of willpower (left hand)
   (You found it on level 1 of the Dungeon)
Scrolls
 b - a scroll of acquirement {unknown}
 g - a scroll of vulnerability {!r}
 k - a scroll of amnesia
 l - a scroll of fog
 m - a scroll of noise {!r}
 s - a scroll of teleportation {unknown}
Potions
 a - a potion of lignification {unknown}
 c - a potion of ambrosia
 j - a potion of flight {unknown}
 n - 4 potions of attraction {unknown}
 o - a potion of mutation {unknown}
 q - a potion of curing {@q1}
 t - a potion of invisibility {unknown}
 u - a potion of might {unknown}


   Skills:
 - Level 4.1 Fighting
 * Level 6.7 Maces & Flails
 - Level 2.6 Dodging
 + Level 3.8 Stealth
 + Level 4.1 Invocations


You had 6 spell levels left.
You didn't know any spells.
Your spell library contained the following spells:

 Spells                   Type           Power      Damage    Failure   Level
 Apportation              Tloc           0%         N/A       58%         1
 Shock                    Conj/Air       0%         1d3       58%         1
 Call Canine Familiar     Summ           0%         N/A       92%         3
 Portal Projectile        Hex/Tloc       0%         N/A       92%         3
 Swiftness                Air            0%         N/A       92%         3
 Airstrike                Air            0%         2d(0-16)  100%        4
 Leda's Liquefaction      Hex/Erth       0%         N/A       100%        4
 Alistair's Intoxication  Tmut/Pois      0%         N/A       100%        5


Dungeon Overview and Level Annotations

Branches:
Dungeon (5/15) Zot: 37590  Temple (1/1) D:4 Zot: 8712

Altars:
Ashenzari
Cheibriados
Dithmenos
Fedhas
Gozag
Hepliaklqana
Kikubaaqudgha
Makhleb
Nemelex Xobeh
Okawaru
Qazlal
Ru
Sif Muna
Trog
Uskayaw
Vehumet
Wu Jian
Xom
Yredelemnul

Shops:
D:5 [

Annotations:
D:5 1 runed translucent door, AarnesTheHuman's ghost, novice BaIE; Duvessa


Innate Abilities, Weirdness & Mutations

You have large cloven feet.
You regenerate a little health from kills.
When seriously injured, your blood forms armour. (AC +6)


Message History

You feel very sick.
Duvessa hits you with a +2 short sword of venom.
* * * LOW HITPOINT WARNING * * *
You are more poisoned.
You hit Duvessa. You kick Duvessa, but do no damage.
You feel very sick. Duvessa hits you but does no damage.
You are lethally poisoned!
It was a potion of curing.
You feel better. Duvessa hits you but does no damage.
You are poisoned.
As you read the scroll labelled DUEH DASAI, it crumbles to dust.
Magic quickly surges around you.
It was a scroll of vulnerability.
You feel sick. Duvessa hits you but does no damage.
You are more poisoned.
As you read the scroll labelled ROEFOI TUFEO, it crumbles to dust.
The scroll dissolves into smoke.
It was a scroll of fog.
You feel very sick.
Duvessa hits you with a +2 short sword of venom.
* * * LOW HITPOINT WARNING * * *
You are lethally poisoned!
Okay, then.
As you read the scroll labelled BOOGHO WIOPEOV, it crumbles to dust.
It is a scroll of identify.
k - a scroll of amnesia
* * * LOW HITPOINT WARNING * * *
You feel very sick.
Duvessa hits you with a +2 short sword of venom!
* * * LOW HITPOINT WARNING * * *
You are more poisoned.
As you read the scroll labelled NOTWAM JYMN, it crumbles to dust.
The creatures around you are filled with an inner flame!
It was a scroll of immolation.
* * * LOW HITPOINT WARNING * * *
You feel very sick. Duvessa closely misses you.
You feel better. Duvessa misses you.
Okay, then.
As you read the scroll labelled OHUVVA QUMIRO, it crumbles to dust.
It is a scroll of enchant armour.
Your +0 scale mail glows green for a moment.
Duvessa hits you with a +2 short sword of venom.
* * * LOW HITPOINT WARNING * * *
You are lethally poisoned!
As you read the scroll labelled WAOTHI RAEGOLO, it crumbles to dust.
You feel aware of your surroundings.
It was a scroll of magic mapping.
* * * LOW HITPOINT WARNING * * *
You feel very sick.
Duvessa hits you with a +2 short sword of venom.
You die...

######.#########....
#.##.....##....
#.##.....####.#
#.##..........#
####.##.....######
#....##.....# #...
#§########### #.##
#§# #... #@#
******#######.
*#e#**,,,**~$~WFS+.
#§{r......*#######.
#.#.....#.,,* ##..
#.,...#.#,,,** ###
##*#.#....,*,*
*.####*,,**
*.#****,** *..,,,,,*


You could see Duvessa (berserk, inner flame, slow, weak-willed) and a quokka
(inner flame, weak-willed).

Vanquished Creatures
  Menkaure (D:5)
  Blork the orc (D:5)
  A bullfrog (D:3)
  2 scorpions
  Dowan (D:5)
  A gnoll bouda (D:5)
  4 hounds (D:5)
  2 iguanas
  An orc wizard (D:5)
  6 gnolls (D:5)
  7 adders
  2 ufetubi (D:5)
  3 worms
  A dart slug (D:3)
  8 orcs
  6 bats
  7 endoplasms
  A giant cockroach (D:3)
  7 goblins
  4 hobgoblins
  7 quokkas
  9 ball pythons
  2 frilled lizards (D:1)
  5 kobolds (D:1)
  2 rats (D:1)
91 creatures vanquished.

Notes
Turn   | Place    | Note
-------+----------+-------------------------------------------
     0 | D:1      | GeoRichter the Demonspawn Monk began the quest for the Orb.
     0 | D:1      | Reached XP level 1. HP: 18/18 MP: 1/1
   118 | D:1      | Reached skill level 3 in Maces & Flails
   202 | D:1      | Gained mutation: When seriously injured, your blood forms
                  | armour. (AC +6) [demonic ancestry]
   202 | D:1      | Reached XP level 2. HP: 16/24 MP: 2/2
   945 | D:2      | Gained mutation: You regenerate a little health from kills.
                  | [demonic ancestry]
   945 | D:2      | Reached XP level 3. HP: 24/29 MP: 3/3
  1572 | D:3      | Reached skill level 4 in Maces & Flails
  1905 | D:3      | Reached XP level 4. HP: 35/35 MP: 4/4
  2184 | D:3      | Noticed a bullfrog
  2210 | D:3      | Killed a bullfrog
  2211 | D:3      | Reached XP level 5. HP: 36/42 MP: 5/5
  2783 | D:4      | Found a staircase to the Ecumenical Temple.
  2794 | D:4      | Reached skill level 5 in Maces & Flails
  2853 | Temple   | Entered the Ecumenical Temple
  3021 | Temple   | Became a worshipper of Cheibriados the Contemplative
  3021 | Temple   | Reached * piety under Cheibriados
  3021 | Temple   | Reached ** piety under Cheibriados
  3248 | D:4      | Reached skill level 1 in Invocations
  3248 | D:4      | Gained mutation: You have large cloven feet. [demonic
                  | ancestry]
  3248 | D:4      | Reached XP level 6. HP: 42/48 MP: 6/6
  3492 | D:4      | Found a hide-covered altar of Uskayaw.
  3496 | D:4      | Found a blossoming altar of Fedhas.
  3499 | D:4      | Found a hazy altar of Hepliaklqana.
  3501 | D:4      | Found a basalt altar of Yredelemnul.
  3502 | D:4      | Found a shimmering blue altar of Sif Muna.
  3506 | D:4      | Found a broken altar of Ashenzari.
  3918 | D:5      | Entered Level 5 of the Dungeon
  4009 | D:5      | Noticed Dowan
  4030 | D:5      | Killed Dowan
  4338 | D:5      | Noticed Blork the orc
  4383 | D:5      | Killed Blork the orc
  4384 | D:5      | Reached skill level 6 in Maces & Flails
  4384 | D:5      | Reached XP level 7. HP: 24/54 MP: 7/9
  4554 | D:5      | Noticed Menkaure
  4861 | D:5      | Found a runed translucent door.
  4866 | D:5      | Noticed AarnesTheHuman's ghost (novice BaIE)
  4896 | D:5      | Killed Menkaure
  5349 | D:5      | Found Ijeniheq's Antique Armour Emporium.
  5353 | D:5      | Bought an embroidered cloak for 210 gold pieces
  5500 | D:5      | Noticed Duvessa
  5515 | D:5      | Slain by Duvessa

Illustrated notes

Levels and vault maps discovered:
D:1:      minmay_arrival_up_and_down, layout_rooms
D:2:      layout_loops_cross
D:3:      layout_basic, chequers_serial_rivers_micro_b, kennysheep_donut,
          minmay_misc_feat_tower, grunt_decor_mini_mirrors
D:4:      layout_loops_ring, minitemple, temple_green
D:5:      layout_loops_cross, serial_shops, kennysheep_mini,
          ebering_ghost_sewer_d, uniq_menkaure, uniq_duvessa, uniq_blork_the_orc
Temple:   nicolae_temple_bog_church

Skill      XL: |  1  2  3  4  5  6  7 |
---------------+----------------------+-----
Maces & Flails | 3 4 5 6 |  6.7
Stealth        | 2 3 |  3.8
Fighting       | 4 |  4.1
Invocations    | 1 2 4 |  4.1
Dodging        | |  2.6

Action                   |  1- 3 |  4- 6 |  7- 9 || total
-------------------------+-------+-------+-------++-------
Melee: Mace              |    38 |       |       ||    38
       Dagger            |    60 |    97 |       ||   157
       Whip              |       |    81 |    77 ||   158
       Kick              |       |    24 |    28 ||    52
       Punch             |       |     2 |     1 ||     3
Invok: Bend Time         |       |       |     3 ||     3
  Use: Scroll            |       |     2 |     7 ||     9
       Potion            |       |       |     2 ||     2
 Stab: Sleeping          |     2 |     3 |       ||     5
Armor: Ring mail         |    23 |    24 |       ||    47
       Scale mail        |       |    24 |    20 ||    44
Dodge: Dodged            |    79 |   115 |    63 ||   257
